 Dungeon Crawl Stone Soup version 0.21.0-3-g78d12a8 (webtiles) character file.

539 Inarius the Chiller (level 7, 45/45 HPs)
             Began as a Red Draconian Ice Elementalist on Jan 11, 2018.
             Was an Initiate of Hepliaklqana.
             Got out of the dungeon alive.
             The game lasted 00:09:57 (3675 turns).

Inarius the Chiller (DrIE)                          Turns: 3675, Time: 00:09:58

Health: 45/45      AC:  8    Str: 11    XL:     7   Next: 5%
Magic:  13/13      EV: 12    Int: 17    God:    Hepliaklqana [......]
Gold:   127        SH:  0    Dex: 11    Spells: 3/15 levels left

rFire    + . .     SeeInvis .   s - +0 dagger (vamp)
rCold    . . .     Gourm    .   (no shield)
rNeg     . . .     Faith    .   (armour unavailable)
rPois    .         Spirit   .   (helmet restricted)
rElec    .         Reflect  .   q - +1 cloak
rCorr    .         Harm     .   (no gloves)
MR       .....                  (no boots)
Stlth    ++........             (no amulet)
HPRegen  0.15/turn              (no ring)
MPRegen  0.13/turn              (no ring)

@: no status effects
A: breathe fire, unfitting armour, reduced essence, fire resistance 1,
cold-blooded, AC +6
a: Breathe Fire, Recall Ancestor, Ancestor Identity, Renounce Religion


You escaped.
You worshipped Hepliaklqana.
Hepliaklqana was noncommittal.
You were not hungry.

You visited 2 branches of the dungeon, and saw 5 of its levels.

You collected 127 gold pieces.

Inventory:

Hand Weapons
 s - a +0 vampiric dagger (weapon)
Armour
 q - a +1 cloak (worn)
Jewellery
 j - an uncursed ring of stealth {unknown}
 p - an uncursed amulet of rage {unknown}
Wands
 a - a wand of polymorph (10)
Scrolls
 c - 6 scrolls of identify {unknown}
 d - a scroll of immolation {unknown}
 h - a scroll of random uselessness {unknown}
 i - a scroll of amnesia {unknown}
 m - a scroll of enchant armour {unknown}
 n - a scroll of teleportation {unknown}
 r - a scroll of enchant weapon {unknown}
Potions
 e - a potion of berserk rage {unknown}
 f - 2 potions of might {unknown}
 k - a potion of ambrosia {unknown}
 o - a potion of curing {unknown}
Comestibles
 b - 3 rations
 g - 3 chunks of flesh


   Skills:
 + Level 0.2 Fighting
 + Level 2.3 Dodging
 - Level 1.7 Stealth
 - Level 0.3 Unarmed Combat
 + Level 4.5 Spellcasting
 * Level 1.5 Conjurations
 + Level 1.4 Charms
 * Level 4.8 Ice Magic


You had 3 spell levels left.
You knew the following spells:

 Your Spells              Type           Power        Failure   Level  Hunger
a - Freeze                Ice            ###.         1%          1    None
b - Ozocubu's Armour      Chrm/Ice       ##......     12%         3    ###....
c - Throw Icicle          Conj/Ice       ##......     36%         4    ####...
d - Summon Ice Beast      Ice/Summ       ##......     50%         4    ####...


Dungeon Overview and Level Annotations

Branches:
Dungeon (4/15)             Temple (1/1) D:4

Altars:
Gozag
Hepliaklqana
Kikubaaqudgha
Okawaru
Sif Muna
Trog
Uskayaw
Xom
The Shining One


Innate Abilities, Weirdness & Mutations

You can breathe blasts of fire.
Your fiery red scales are hard. (AC +6)
You cannot fit into any form of body armour.
Your flesh is heat resistant. (rF+)
You are cold-blooded and may be slowed by cold attacks.
Your life essence is reduced to manifest your ancestor. (-10% HP)


Message History

HP restored.
Magic restored.
Some of the chunks of flesh in your inventory have rotted away.
Things that are here:
a robe; a dagger You see here a robe.
There is a stone staircase leading up here.
You climb upwards.
There is a stone staircase leading down here.
You see here 13 poisoned needles.
You found a shaft!
There is a stone staircase leading up here.
You climb upwards.
There is a stone staircase leading down here.
You see here 28 bolts.
Some of the chunks of flesh in your inventory have rotted away.
You see here 17 stones.
There is a staircase leading out of the dungeon here.
Are you sure you want to leave the Dungeon?
This will make you lose the game!
You have escaped!

########### ####.........#
#............# #.@R.........#
#..#######...# #..##...##...#
#..+.###.#...#
#..#.#≈#.#...######
#..#.'##.#.........
##..'#...##....###.#
#...#######........#
############............#.#####


You could see the friendly Onaxys the ancestor.

Vanquished Creatures
  Blork the orc (D:4)
  A scorpion (D:3)
  A hound (D:4)
  A centaur skeleton (D:3)
  An orc priest (D:4)
  A worker ant (D:4)
  An orc wizard (D:3)
  3 adders
  An ooze (D:2)
  3 dart slugs
  3 leopard geckos
  13 orcs
  A ball python (D:1)
  8 bats
  6 giant cockroaches
  9 hobgoblins
  3 kobolds
  2 frilled lizards
  4 goblins
  A quokka skeleton (D:4)
  2 rats
66 creatures vanquished.

Vanquished Creatures (collateral kills)
  Duvessa (D:4)
  Dowan (D:4)
2 creatures vanquished.

Grand Total: 68 creatures vanquished

Notes
Turn   | Place    | Note
-------+----------+-------------------------------------------
     0 | D:1      | Inarius the Draconian Ice Elementalist began the quest for the Orb.
     0 | D:1      | Reached XP level 1. HP: 14/14 MP: 3/3
   134 | D:1      | Reached XP level 2. HP: 16/20 MP: 0/5
   728 | D:2      | Reached XP level 3. HP: 26/26 MP: 3/6
  1286 | D:2      | Learned a level 3 spell: Ozocubu's Armour
  1414 | D:2      | Reached XP level 4. HP: 29/33 MP: 3/8
  2238 | D:3      | Reached XP level 5. HP: 37/38 MP: 0/10
  2595 | D:3      | Found a bloodstained altar of Trog.
  3039 | D:4      | Found an iron altar of Okawaru.
  3040 | D:4      | Noticed Blork the orc
  3054 | D:4      | Killed Blork the orc
  3054 | D:4      | Reached XP level 6. HP: 30/45 MP: 1/12
  3157 | D:4      | Reached skill level 1 in Charms
  3166 | D:4      | Learned a level 4 spell: Throw Icicle
  3171 | D:4      | Learned a level 4 spell: Summon Ice Beast
  3198 | D:4      | Reached skill level 5 in Ice Magic
  3209 | D:4      | Found a staircase to the Ecumenical Temple.
  3221 | Temple   | Entered the Ecumenical Temple
  3305 | Temple   | Became a worshipper of Hepliaklqana the Forgotten
  3458 | D:4      | Noticed Duvessa
  3458 | D:4      | Noticed Dowan
  3478 | D:4      | Killed Duvessa
  3534 | D:4      | Killed Dowan
  3534 | D:4      | Your scales start taking on a fiery red colour.
  3534 | D:4      | Reached XP level 7. HP: 41/45 MP: 9/13
  3534 | D:4      | Gained mutation: Your flesh is heat resistant. (rF+) [Red Draconian growth]
  3675 | D:$      | Got out of the dungeon alive.

Skill      XL: |  1  2  3  4  5  6 |
---------------+-------------------+-----
Dodging        | 2 |  2.3
Ice Magic      | 4 4 |  4.8
Spellcasting   | 3 4 |  4.5
Charms         | 1 |  1.4
Fighting       | |  0.2
Stealth        | |  1.7
Unarmed Combat | |  0.3
Conjurations   | |  1.5

Action                   |  1- 3 |  4- 6 |  7- 9 || total
-------------------------+-------+-------+-------++-------
Melee: Unarmed           |    30 |       |       ||    30
       Tailslap          |    11 |     6 |       ||    17
       Dagger            |    22 |    58 |       ||    80
       Morningstar       |       |    17 |       ||    17
 Cast: Freeze            |    54 |    60 |       ||   114
       Ozocubu's Armour  |       |     5 |       ||     5
Invok: Ancestor Identity |       |     1 |       ||     1
 Stab: Sleeping          |       |     1 |       ||     1
  Eat: Chunk             |     2 |     7 |       ||     9
       Ration            |       |     2 |       ||     2
Armor: Skin              |    28 |    38 |       ||    66
Dodge: Dodged            |    60 |    88 |       ||   148
